 Dungeon Crawl Stone Soup version 0.23.2-1-ga50397a (webtiles) character file.

Game seed: 16173651391836024601

545 whitewolfNL the Basher (level 7, 0/63 HPs)
             Began as a Minotaur Berserker on May 26, 2019.
             Was an Elder of Trog.
             Slain by a gnoll
             ... wielding a +0 halberd
              (5 damage)
             ... on level 5 of the Dungeon.
             The game lasted 00:11:51 (3986 turns).

whitewolfNL the Basher (Minotaur Berserker)         Turns: 3986, Time: 00:11:52

Health: 0/63       AC: 11    Str: 21    XL:     7   Next: 6%
Magic:  6/6        EV:  6    Int:  4    God:    Trog [****..]
Gold:   245        SH:  0    Dex: 12    Spells: 6/6 levels left

rFire    . . .     SeeInvis .   t - +0 flail
rCold    . . .     Gourm    .   (no shield)
rNeg     . . .     Faith    .   y - +0 plate armour
rPois    .         Spirit   .   (helmet restricted)
rElec    .         Reflect  .   (no cloak)
rCorr    .         Harm     .   (no gloves)
MR       .....                  (no boots)
Stlth    ..........             (no amulet)
HPRegen  0.20/turn              (no ring)
MPRegen  0.10/turn              x - ring of attention (curse)

@: lethally poisoned (0 -> -3), berserk cooldown, slowed, very slow
A: retaliatory headbutt, horns 2
a: Berserk, Trog's Hand, Brothers in Arms, Renounce Religion


You were on level 5 of the Dungeon.
You worshipped Trog.
Trog was greatly pleased with you.
You were near starving.

You visited 1 branch of the dungeon, and saw 5 of its levels.
You also visited: Sewer.

You collected 245 gold pieces.

Inventory:

Hand Weapons
 j - a +0 hunting sling
 t - a +0 flail (weapon)
Missiles
 d - 188 stones (quivered)
 f - 81 arrows
 g - 3 javelins
 i - 11 sling bullets
 k - 13 poisoned needles
 q - 4 needles of confusion
 s - 19 bolts
Armour
 y - a +0 plate armour (worn)
Jewellery
 m - an uncursed ring of ice
 x - a cursed ring of attention (right hand)
Wands
 l - a wand of digging (9)
 B - a wand of polymorph (13)
Scrolls
 e - 6 scrolls of teleportation
 h - 3 scrolls of magic mapping
 n - a scroll of amnesia {unknown}
 r - a scroll of fear {unknown}
 u - a scroll of noise {unknown}
 z - a scroll of identify {unknown}
 A - a scroll of blinking {unknown}
Potions
 a - 2 potions of agility {unknown}
 b - a potion of haste {unknown}
 o - 2 potions of brilliance {unknown}
 p - a potion of mutation {unknown}
 v - a potion of heal wounds {unknown}
 w - 4 potions of flight
Comestibles
 c - 9 rations


   Skills:
 + Level 6.3 Fighting
 * Level 8.2 Maces & Flails
 - Level 2.4 Armour
 - Level 2.1 Dodging


You had 6 spell levels left.
You didn't know any spells.
Your spell library was empty.

Dungeon Overview and Level Annotations

Branches:
Dungeon (5/15)
 Temple: D:4-7

Altars:
Nemelex Xobeh


Innate Abilities, Weirdness & Mutations

You reflexively headbutt those who attack you in melee.
You have a pair of horns on your head.


Message History

The gnoll hits you from afar with a +0 halberd.
You hit the worker ant.
The worker ant is almost dead.
You feel sick. The worker ant bites you.
* * * LOW HITPOINT WARNING * * *
The gnoll hits you but does no damage. The worker ant bites you.
* * * LOW HITPOINT WARNING * * *
You are more poisoned.
The worker ant poisons you!
You sock the worker ant!
You kill the worker ant!
Trog accepts your kill.
You feel sick.
The gnoll hits you from afar with a +0 halberd!
* * * LOW HITPOINT WARNING * * *
You feel sick. The gnoll hits you but does no damage.
You see here a +0 spear.
You completely miss the gnoll.
You feel sick. The gnoll hits you with a +0 halberd.
You die...

######..... #......
##.... #.....#
≈≈≈#... ##.....#
.♣≈r#... ##$.....+
._.r≈+... ##.......#
.♣≈ #... #........##
.≈≈##... #...g.....##
#.....
#...@......#####.....
#...†..............#.
#?..!................
#....>...............
#................####
#..(.............#
#................#
#..........#.#####
##............#


You could see a gnoll.

Vanquished Creatures
  Duvessa (D:4)
  Dowan (D:4)
  A water moccasin skeleton (D:4)
  2 worker ants (D:5)
  A merfolk siren (Sewer)
  A merfolk avatar (Sewer)
  3 gnolls (D:5)
  8 adders
  2 river rats (Sewer)
  An ooze (D:2)
  An adder zombie (D:5)
  An adder skeleton (D:4)
  A worm (D:2)
  9 leopard geckos
  2 orcs (D:4)
  8 ball pythons
  10 giant cockroaches
  2 goblins (D:1)
  5 hobgoblins
  5 jackals
  2 quokkas
  7 bats
  8 frilled lizards
  6 kobolds
  A leopard gecko skeleton (D:5)
  30 rats
119 creatures vanquished.

Notes
Turn   | Place    | Note
-------+----------+-------------------------------------------
     0 | D:1      | whitewolfNL the Minotaur Berserker began the quest for the
                  | Orb.
     0 | D:1      | Reached XP level 1. HP: 19/19 MP: 0/0
   216 | D:1      | Reached skill level 4 in Maces & Flails
   282 | D:1      | Reached XP level 2. HP: 23/27 MP: 1/1
   897 | D:2      | Reached XP level 3. HP: 33/33 MP: 2/2
  1371 | D:2      | Reached skill level 5 in Maces & Flails
  1765 | D:3      | Reached ** piety under Trog
  1790 | D:3      | Reached XP level 4. HP: 40/41 MP: 3/3
  2436 | D:4      | Reached skill level 5 in Fighting
  2436 | D:4      | Reached skill level 6 in Maces & Flails
  2436 | D:4      | Reached XP level 5. HP: 36/48 MP: 4/4
  2589 | D:4      | Noticed Duvessa
  2589 | D:4      | Noticed Dowan
  2601 | D:4      | Killed Duvessa
  2601 | D:4      | Reached skill level 7 in Maces & Flails
  2601 | D:4      | Reached XP level 6. HP: 56/56 MP: 5/5
  2603 | D:4      | Killed Dowan
  2961 | D:5      | Entered Level 5 of the Dungeon
  3022 | D:5      | Found a glowing drain.
  3032 | Sewer    | Entered a sewer
  3038 | Sewer    | Reached *** piety under Trog
  3488 | Sewer    | Reached **** piety under Trog
  3754 | D:5      | Found a sparkling altar of Nemelex Xobeh.
  3890 | D:5      | Reached skill level 8 in Maces & Flails
  3979 | D:5      | Reached XP level 7. HP: 58/63 MP: 6/6
  3986 | D:5      | Slain by a gnoll

Skill      XL: |  1  2  3  4  5  6 |
---------------+-------------------+-----
Maces & Flails | 4 5 6 7 8 |  8.2
Fighting       | 4 5 6 |  6.3
Armour         | |  2.4
Dodging        | |  2.1

Action                   |  1- 3 |  4- 6 |  7- 9 || total
-------------------------+-------+-------+-------++-------
Melee: Mace              |    77 |    29 |       ||   106
       Headbutt          |    10 |    21 |       ||    31
       Flail             |       |   156 |     6 ||   162
Invok: Berserk           |       |     2 |       ||     2
  Use: Scroll            |       |     1 |       ||     1
  Eat: Chunk             |     3 |     7 |       ||    10
Armor: Animal skin       |    11 |       |       ||    11
       Chain mail        |       |    87 |       ||    87
       Plate armour      |       |    16 |     4 ||    20
Dodge: Dodged            |    52 |    82 |     5 ||   139
